 Dungeon Sprint DCSS version 0.24-a0-250-g6074511092 (webtiles) character file.

Game seed: 17825220042790956533

14443 Redear the Grappler (level 11, -9/123 HPs)
             Began as a Troll Fighter on Apr 15, 2019.
             Was the Champion of Cheibriados.
             Killed from afar by Arachne (52 damage)
             ... with a poison arrow
             ... in the Dungeon (Sprint VII: "The Pits").
             The game lasted 00:06:20 (1021 turns).

Redear the Grappler (Troll Fighter)                 Turns: 1021, Time: 00:06:21

Health: -9/123     AC: 10    Str: 41    XL:     11   Next: 88%
Magic:  13/18      EV: 27    Int: 22    God:    Cheibriados [******]
Gold:   21         SH: 17    Dex: 24    Spells: 10/10 levels left

rFire    . . .     SeeInvis .     - Unarmed
rCold    . . .     Gourm    +   a - +2 shield
rNeg     . . .     Faith    .   j - +0 steam dragon scales
rPois    .         Spirit   .   o - +0 hat {MR+} {MR+}
rElec    .         Reflect  .   l - +0 cloak
rCorr    .         Harm     .   (gloves unavailable)
MR       +....     NoTele   +   (boots unavailable)
Stlth    ++........             (no amulet)
HPRegen  0.70/turn              m - +3 ring of evasion
MPRegen  0.16/turn              n - +3 ring of evasion

@: lethally poisoned (-9 -> -57), very slow
A: large, unfitting armour, claws 3, fast metabolism 3, gourmand, regeneration
1, shaggy fur 1, tough skin 3
a: Bend Time, Temporal Distortion, Slouch, Step From Time, Renounce Religion


You were in the Dungeon.
You worshipped Cheibriados.
Cheibriados was exalted by your worship.
You were very full.

You visited 1 branch You collected 21 gold pieces.

Inventory:

Armour
 a - a +2 shield (worn)
 b - +0 acid dragon scales
 j - +0 steam dragon scales (worn)
 l - a +0 cloak (worn)
 o - a +0 hat of magic resistance (worn) {MR+}
Jewellery
 f - an uncursed ring of protection from fire {rF+}
 m - a +3 ring of evasion (left claw)
 n - a +3 ring of evasion (right claw)
 t - an uncursed ring of ice {rC+ rF-}
Wands
 D - a wand of digging (5)
Scrolls
 e - 6 scrolls of amnesia
 g - a scroll of summoning
 k - 2 scrolls of enchant weapon
 q - 7 scrolls of enchant armour
 s - 2 scrolls of fog
 B - 2 scrolls of blinking {@r4}
 N - 3 scrolls of remove curse
 R - 4 scrolls of identify {@r1}
Potions
 c - 3 potions of might {Str+5 DMG+1d10 | @q3}
 d - 2 potions of invisibility
 h - 4 potions of magic
 i - 4 potions of berserk rage
 p - a potion of agility {Stlth+ Dex+5 EV+5 | @q4}
 r - 2 potions of brilliance {Archmagi Int+5 Wiz++}
 u - 11 potions of heal wounds {@q1}
 H - 5 potions of haste {@q5}
 Q - 8 potions of curing {@q2}
Comestibles
 z - 10 rations


   Skills:
 + Level 12.0 Fighting
 + Level 12.0 Dodging
 + Level 12.0 Shields
 + Level 13.8 Unarmed Combat
 + Level 11.4 Invocations


You had 10 spell levels left.
You didn't know any spells.
Your spell library was empty.

Dungeon Overview and Level Annotations

Branches:
Dungeon (1/1)

Altars:
Ashenzari
Cheibriados
Dithmenos
Elyvilon
Fedhas
Gozag
Hepliaklqana
Kikubaaqudgha
Makhleb
Nemelex Xobeh
Okawaru
Qazlal
Ru
Sif Muna
Trog
Uskayaw
Vehumet
Wu Jian
Xom
Yredelemnul
Zin
The Shining One
Beogh
Jiyva
Lugonu

Annotations:
D Arachne


Innate Abilities, Weirdness & Mutations

You are too large for most types of armour.
You have claws for hands.
Your metabolism is lightning-fast.
You like to eat raw meat.
Your natural rate of healing is unusually fast.
You are covered in fur. (AC +1)
You have extremely tough skin. (AC +3)


Message History

You struggle to detach yourself from the web.
Arachne stares at you and mumbles some strange words.
The bolt of poison hits you!!
You are poisoned.
Arachne mumbles some strange words.
Arachne blinks!
You take 19 damage, and have 61/123 hp.
The web tears apart.
You feel sick. Arachne casts a spell at you. The poison arrow hits you!!!
You are more poisoned.
* * * LOW HITPOINT WARNING * * *
You take 39 damage, and have 22/123 hp.
MASSIVE DAMAGE!!
You feel much better.
You feel sick.
Arachne stares at you and mumbles some strange words.
The bolt of poison misses you. Arachne casts a spell at you.
The poison arrow hits you!!!
You are lethally poisoned!
You die...

.......# ......#
..#..# ....+
...+ #++#
#++#########
#.H.........
#...@.......
#..#########
#..# #†.# ####
#..# #..# #..#
#..# #..# '..#
#..#
'..##########..#


You could see Arachne.

Vanquished Creatures
  Gastronok (D)
  A nagaraja (D)
  2 two-headed ogres (D)
  An anaconda (D)
  A death yak (D)
  2 shadow wraiths (D)
  A sea snake (D)
  A lindwurm (D)
  A deep troll (D)
  A phantasmal warrior (D)
  An orc sorcerer (D)
  Joseph (D)
  A molten gargoyle (D)
  A yaktaur (D)
  A guardian mummy (D)
  2 tyrant leeches (D)
  A hornet (D)
  5 blink frogs (D)
  A hippogriff (D)
  2 flying skulls (D)
  A shadow (D)
  A water elemental (D)
  A wyvern (D)
  A redback (D)
  A steam dragon (D)
  An acid dragon (D)
  3 hell hounds (D)
  A porcupine (D)
  An ice beast (D)
  A necrophage (D)
  A phantom (D)
  6 wolves (D)
  3 centaurs (D)
  A bullfrog (D)
  A small abomination (D)
  Crazy Yiuf (D)
  An orc priest (D)
  2 hounds (D)
  An adder (D)
  2 oozes (D)
  A worm (D)
  A leopard gecko (D)
  6 orcs (D)
  2 goblins (D)
  6 jackals (D)
  A quokka (D)
  3 ball pythons (D)
  A ball python simulacrum (D)
  A bat simulacrum (D)
  A giant cockroach zombie (D)
  A rat (D)
83 creatures vanquished.

Notes
Turn   | Place    | Note
-------+----------+-------------------------------------------
     0 | D        | Redear the Troll Fighter began the quest for the Orb.
     0 | D        | Reached XP level 1. HP: 22/22 MP: 0/0
    41 | D        | Found a glowing golden altar of the Shining One.
    41 | D        | Found a glowing silver altar of Zin.
    41 | D        | Found a basalt altar of Yredelemnul.
    41 | D        | Found a shimmering altar of Xom.
    41 | D        | Found an ornate altar of the Wu Jian Council.
    41 | D        | Found a bloodstained altar of Trog.
    41 | D        | Found a deep blue altar of Sif Muna.
    41 | D        | Found a sacrificial altar of Ru.
    41 | D        | Found a stormy altar of Qazlal.
    41 | D        | Found an iron altar of Okawaru.
    41 | D        | Found a sparkling altar of Nemelex Xobeh.
    41 | D        | Found a burning altar of Makhleb.
    41 | D        | Found a viscous altar of Jiyva.
    41 | D        | Found a hazy altar of Hepliaklqana.
    41 | D        | Found an opulent altar of Gozag.
    41 | D        | Found a blossoming altar of Fedhas.
    41 | D        | Found a white marble altar of Elyvilon.
    41 | D        | Found a shadowy altar of Dithmenos.
    41 | D        | Found a snail-covered altar of Cheibriados.
    43 | D        | Found a corrupted altar of Lugonu.
    43 | D        | Found a radiant altar of Vehumet.
    43 | D        | Found a roughly hewn altar of Beogh.
    44 | D        | Found a shattered altar of Ashenzari.
    44 | D        | Found an ancient bone altar of Kikubaaqudgha.
    44 | D        | Found a hide-covered altar of Uskayaw.
    50 | D        | Became a worshipper of Cheibriados the Contemplative
    69 | D        | Reached * piety under Cheibriados
    69 | D        | Reached skill level 3 in Fighting
    69 | D        | Reached skill level 3 in Dodging
    69 | D        | Reached skill level 3 in Shields
    69 | D        | Reached skill level 3 in Unarmed Combat
    69 | D        | Reached XP level 2. HP: 24/31 MP: 1/1
    77 | D        | Reached ** piety under Cheibriados
    83 | D        | Reached *** piety under Cheibriados
    89 | D        | Noticed an ice beast
    92 | D        | Reached **** piety under Cheibriados
   100 | D        | Killed an ice beast
   100 | D        | Reached skill level 4 in Fighting
   100 | D        | Reached skill level 4 in Dodging
   100 | D        | Reached skill level 4 in Shields
   100 | D        | Reached skill level 5 in Unarmed Combat
   100 | D        | Reached XP level 3. HP: 14/40 MP: 2/2
   100 | D        | Reached XP level 4. HP: 17/49 MP: 3/3
   139 | D        | Noticed a wolf
   140 | D        | Noticed a porcupine
   146 | D        | Killed a wolf
   146 | D        | Reached skill level 5 in Fighting
   146 | D        | Reached skill level 5 in Dodging
   146 | D        | Reached skill level 5 in Shields
   146 | D        | Reached skill level 6 in Unarmed Combat
   146 | D        | Reached XP level 5. HP: 51/57 MP: 4/4
   151 | D        | Killed a porcupine
   151 | D        | Reached ***** piety under Cheibriados
   151 | D        | Reached XP level 6. HP: 54/67 MP: 5/5
   155 | D        | Noticed a flying skull
   162 | D        | Reached skill level 6 in Fighting
   162 | D        | Reached skill level 6 in Dodging
   162 | D        | Reached skill level 6 in Shields
   162 | D        | Reached skill level 7 in Unarmed Combat
   162 | D        | Reached skill level 1 in Invocations
   164 | D        | Reached skill level 2 in Invocations
   170 | D        | Killed a flying skull
   170 | D        | Reached skill level 3 in Invocations
   170 | D        | Reached XP level 7. HP: 55/76 MP: 5/8
   184 | D        | Noticed a steam dragon
   191 | D        | Killed a steam dragon
   191 | D        | Reached ****** piety under Cheibriados
   191 | D        | Reached skill level 7 in Fighting
   191 | D        | Reached skill level 7 in Dodging
   191 | D        | Reached skill level 7 in Shields
   191 | D        | Reached skill level 8 in Unarmed Combat
   191 | D        | Reached skill level 4 in Invocations
   195 | D        | Noticed a flying skull
   199 | D        | Killed a flying skull
   229 | D        | Noticed a tyrant leech
   244 | D        | Killed a tyrant leech
   244 | D        | Reached skill level 5 in Invocations
   244 | D        | Reached XP level 8. HP: 57/88 MP: 10/10
   353 | D        | Noticed a molten gargoyle
   354 | D        | Reached skill level 9 in Unarmed Combat
   354 | D        | Reached skill level 8 in Dodging
   354 | D        | Reached skill level 8 in Fighting
   354 | D        | Reached skill level 8 in Shields
   356 | D        | Killed a molten gargoyle
   356 | D        | Reached skill level 6 in Invocations
   396 | D        | Noticed a phantasmal warrior
   398 | D        | Reached XP level 9. HP: 97/97 MP: 12/12
   401 | D        | Killed a phantasmal warrior
   401 | D        | Reached skill level 10 in Unarmed Combat
   401 | D        | Reached skill level 7 in Invocations
   440 | D        | Noticed a death yak
   440 | D        | Noticed a lindwurm
   447 | D        | Killed a death yak
   447 | D        | Reached skill level 9 in Fighting
   447 | D        | Reached skill level 9 in Dodging
   447 | D        | Reached skill level 9 in Shields
   453 | D        | Killed a lindwurm
   453 | D        | Reached skill level 11 in Unarmed Combat
   453 | D        | Reached skill level 8 in Invocations
   482 | D        | Noticed a tyrant leech
   496 | D        | Killed a tyrant leech
   496 | D        | Reached XP level 10. HP: 48/109 MP: 10/15
   497 | D        | Noticed a sea snake
   504 | D        | Killed a sea snake
   587 | D        | Noticed Gastronok
   597 | D        | Killed Gastronok
   597 | D        | Reached skill level 10 in Fighting
   597 | D        | Reached skill level 10 in Dodging
   597 | D        | Reached skill level 10 in Shields
   597 | D        | Reached skill level 9 in Invocations
   614 | D        | Noticed an orc sorcerer
   615 | D        | Noticed a two-headed ogre
   633 | D        | Killed an orc sorcerer
   633 | D        | Reached skill level 12 in Unarmed Combat
   636 | D        | Killed a two-headed ogre
   647 | D        | Noticed a nagaraja
   647 | D        | Noticed an anaconda
   649 | D        | Killed an anaconda
   649 | D        | Reached XP level 11. HP: 116/119 MP: 17/17
   656 | D        | Killed a nagaraja
   656 | D        | Reached skill level 11 in Fighting
   656 | D        | Reached skill level 11 in Dodging
   656 | D        | Reached skill level 11 in Shields
   656 | D        | Reached skill level 10 in Invocations
   693 | D        | Noticed Joseph
   693 | D        | Noticed Crazy Yiuf
   695 | D        | Killed Crazy Yiuf
   695 | D        | Reached skill level 13 in Unarmed Combat
   695 | D        | Noticed a deep troll
   699 | D        | Killed Joseph
   703 | D        | Killed a deep troll
   703 | D        | Reached skill level 11 in Invocations
   711 | D        | Killed a shadow wraith
   939 | D        | Noticed a two-headed ogre
   948 | D        | Killed a two-headed ogre
   950 | D        | Killed a shadow wraith
   950 | D        | Reached skill level 12 in Fighting
   950 | D        | Reached skill level 12 in Dodging
   950 | D        | Reached skill level 12 in Shields
   997 | D        | Noticed Arachne
  1021 | D        | Killed from afar by Arachne

Levels and vault maps discovered:
D:        pitsprint [storerooms_1, entrance_room_1, metal_vault_2, armoury_2,
          mini_pit_1, grid_room_1, main_hall_1, silver_pit, the_coven_1,
          the_vestibule_1, steel_vault_3, golden_pit, hallway_of_sentries,
          crystal_vault_3, iron_vault_2, final_vault]

Skill      XL: |  1  2  3  4  5  6  7  8  9 10 11 |
---------------+----------------------------------+-----
Fighting       | 3 4 5 6 7 8 9 10 12 | 12.0
Dodging        | 3 4 5 6 7 8 9 10 12 | 12.0
Shields        | 3 4 5 6 7 8 9 10 12 | 12.0
Unarmed Combat | 3 5 6 7 8 9 11 12 13 | 13.8
Invocations    | 3 5 6 8 9 11 | 11.4

Action                   |  1- 3 |  4- 6 |  7- 9 | 10-12 || total
-------------------------+-------+-------+-------+-------++-------
Melee: Unarmed           |    33 |    21 |    54 |    78 ||   186
Invok: Slouch            |       |       |     4 |     6 ||    10
       Bend Time         |       |       |       |     2 ||     2
  Use: Potion            |       |       |       |     4 ||     4
 Stab: Sleeping          |       |       |     1 |     1 ||     2
  Eat: Chunk             |       |       |     9 |     3 ||    12
Armor: Robe              |     8 |     4 |     5 |       ||    17
       Steam dragon scal |       |       |     1 |     8 ||     9
Dodge: Dodged            |    15 |    14 |    27 |    60 ||   116
Block: Shield            |    21 |     8 |    24 |    56 ||   109

Table legend:
 A = Non-vault XP
 B = Vault XP
 C = Vault XP percentage of total XP
 D = Non-vault monster count
 E = Vault monster count
 F = Vault count percentage of total count
                 A         B        C        D         E       F
            +---------+---------+-------+---------+---------+-------
      Total |       0 |   20634 | 100.0 |       0 |      83 | 100.0
            +---------+---------+-------+---------+---------+-------
          D |       0 |   20634 | 100.0 |       0 |      83 | 100.0
            +---------+---------+-------+---------+---------+-------
